 Seeded DCSS version 0.28.0-53-g5a82cb258f (webtiles) character file.

Game seed: 20220607 (custom seed)

44 Zeld the Gusty (level 3, -4/19 HPs)
             Began as a Tengu Air Elementalist on June 7, 2022.
             Slain by Edmund
             ... wielding a +2 dire flail of venom
              (7 damage)
             ... on level 4 of the Dungeon.
             The game lasted 00:02:38 (2222 turns).

Zeld the Gusty (Tengu Air Elementalist)             Turns: 2222, Time: 00:02:39

Health: -4/19      AC:  3    Str:  8    XL:     3   Next: 62%
Magic:  2/8        EV: 12    Int: 17    God:
Gold:   36         SH:  0    Dex: 14    Spells: 1/7 levels left

rFire   . . .      SeeInvis .   (no weapon)
rCold   . . .      Faith    .   (no shield)
rNeg    . . .      Spirit   .   a - +0 robe
rPois   .          Reflect  .   (helmet restricted)
rElec   .          Harm     .   g - +0 cloak
rCorr   .          Rampage  .   (no gloves)
Will    .....                   (boots unavailable)
Stlth   ++........              (no amulet)
HPRegen 0.06/turn               (no ring)
MPRegen 0.11/turn               (no ring)

@: lethally poisoned (-4 -> -11)
A: beak, talons 3
a: no special abilities


You were on level 4 of the Dungeon.
You visited 1 branch of the dungeon, and saw 4 of its levels.

You collected 61 gold pieces.
You spent 25 gold pieces at shops.

Inventory:

Armour
 a - a +0 robe (worn)
 g - a +0 cloak (worn)
Scrolls
 c - a scroll of enchant armour {unknown}
 e - a scroll of holy word {unknown}
 h - a scroll of immolation {unknown}
 j - 3 scrolls of fear {unknown}
 k - a scroll of teleportation {unknown}
 l - a scroll of fog {unknown}
Potions
 b - 2 potions of flight {unknown}
 d - a potion of magic {unknown}
 f - 2 potions of mutation {unknown}
 i - 2 potions of haste {unknown}


   Skills:
 - Level 2.1 Dodging
 - Level 2.0 Stealth
 * Level 2.7 Spellcasting
 + Level 2.2 Conjurations
 * Level 4.9 Air Magic


You had one spell level left.
You knew the following spells:

 Your Spells              Type           Power      Damage    Failure   Level
a - Shock                 Conj/Air       56%        1d6       4%          1
b - Static Discharge      Conj/Air       14%        N/A       6%          2
c - Swiftness             Air            19%        N/A       7%          3

Your spell library contained the following spells:

 Spells                   Type           Power      Damage    Failure   Level
 Sandblast                Erth           4%         2d4       19%         1
 Airstrike                Air            9%         N/A       24%         4
 Passwall                 Tmut/Erth      1%         N/A       26%         2
 Stone Arrow              Conj/Erth      12%        3d7       32%         3


Dungeon Overview and Level Annotations

Branches:
Dungeon (4/15)
 Temple: D:4-7

Altars:
Ashenzari
Dithmenos
Zin

Shops:
D:3 *!

Annotations:
D:4 Edmund


Innate Abilities, Weirdness & Mutations

You have a beak for a mouth.
You have claws for feet.


Message History

Edmund the Younger comes into view.
He is wielding a +2 dire flail of venom.
Edmund is nearby!
Edmund is nearby!
Casting: Swiftness (extremely dangerous; 7% risk of failure)
Confirm with . or Enter, or press ? or * to list all spells.
You don't know that spell.
Edmund is nearby!
Unknown command.
Casting: Swiftness (extremely dangerous; 7% risk of failure)
Confirm with . or Enter, or press ? or * to list all spells.
You don't know that spell.
Unknown command.
Found a scroll labelled LUNUCZ BUMUM.
Casting: Swiftness (extremely dangerous; 7% risk of failure)
Confirm with . or Enter, or press ? or * to list all spells.
You can't see any susceptible monsters within range! (Use Z to cast anyway.)
Casting: Swiftness (extremely dangerous; 7% risk of failure)
Confirm with . or Enter, or press ? or * to list all spells.
Edmund is struck by an arc of lightning!
Edmund is lightly wounded.
The lightning grounds out.
Edmund hits you with a +2 dire flail of venom.
You are poisoned.
Casting: Static Discharge (safe; 6% risk of failure)
Confirm with . or Enter, or press ? or * to list all spells.
Edmund is struck by an arc of lightning.
Edmund is moderately wounded.
You are struck by an arc of lightning.
The lightning grounds out.
You feel very sick.
Edmund hits you with a +2 dire flail of venom.
* * * LOW HITPOINT WARNING * * *
Casting: Static Discharge (safe; 6% risk of failure)
Confirm with . or Enter, or press ? or * to list all spells.
Edmund is struck by an arc of lightning.
Edmund is moderately wounded.
The lightning grounds out.
* * * LOW HITPOINT WARNING * * *
You feel sick.
Edmund hits you with a +2 dire flail of venom!
You die...

..........# #........#
#........# #........#
#........#
##+##........#####
#.......##+#.....#####
+.......#....#........
#....@..#....#........
#...@...#....+........
#.......#....#........
#.......#....#........
#.......#....#........
#.......#+##.####.####
....?.... #.####.####
#..........
#...(......
#..........


You could see Edmund.

Vanquished Creatures
  A howler monkey skeleton (D:3)
  An adder (D:3)
  An adder skeleton (D:4)
  3 bats (D:3)
  2 endoplasms
  2 giant cockroaches
  4 goblins
  2 hobgoblins (D:2)
  2 ball pythons (D:3)
  A kobold (D:3)
  2 rats
21 creatures vanquished.

Notes
Turn   | Place    | Note
-------+----------+-------------------------------------------
     0 | D:1      | Zeld the Tengu Air Elementalist began the quest for the
                  | Orb.
     0 | D:1      | Reached XP level 1. HP: 10/10 MP: 4/4
    13 | D:2      | Found a glowing silver altar of Zin.
   480 | D:2      | Reached XP level 2. HP: 15/15 MP: 3/6
   483 | D:2      | Learned a level 2 spell: Static Discharge
  1090 | D:4      | Noticed a scorpion
  1178 | D:3      | Reached XP level 3. HP: 19/19 MP: 5/7
  1182 | D:3      | Learned a level 3 spell: Swiftness
  1280 | D:3      | Found Mytit's Distillery.
  1467 | D:3      | Found a broken altar of Ashenzari.
  1521 | D:3      | Found a shadowy altar of Dithmenos.
  1635 | D:3      | Found Foadwefi's Assorted Antiques.
  1647 | D:3      | Bought a fuming black potion for 25 gold pieces
  2215 | D:4      | Noticed Edmund
  2222 | D:4      | Slain by Edmund

Illustrated notes

Levels and vault maps discovered:
D:1:      minmay_arrival_up_and_down, layout_loops_ring, serial_bayou,
          serial_bayou_pond_e, serial_bayou_ford_a, serial_bayou_pond_d,
          serial_bayou_lagoon_a, minivault_5, hangedman_decor_points
D:2:      layout_loops_ring, basic_altar, uniq_jessica
D:3:      layout_basic, old_standard_altar, lemuel_doored_altar, serial_shops,
          shop, nicolae_lakefront_shop, shop_statue, uniq_crazy_yiuf_cottage,
          uniq_grinder
D:4:      layout_gridville, kennysheep_little_box, uniq_edmund

Skill      XL: |  1  2 |
---------------+-------+-----
Conjurations   | 2 |  2.2
Dodging        | |  2.1
Stealth        | |  2.0
Spellcasting   | |  2.7
Air Magic      | |  4.9

Action                   || total
-------------------------++-------
Melee: Unarmed           ||    32
       Kick              ||    10
       Peck              ||     3
 Cast: Shock             ||    47
       Static Discharge  ||     3
       Swiftness         ||     1
 Stab: Sleeping          ||     1
Armor: Robe              ||     9
Dodge: Dodged            ||    27
